 Dungeon Crawl Stone Soup version 0.26-a0-215-g1b87330c0f (webtiles) character file.

Game seed: 17551507294304700533

31 BritishOli the Ducker (level 3, -7/28 HPs)
             Began as a Demonspawn Gladiator on July 6, 2020.
             Killed from afar by Sigmund (12 damage)
             ... with a puff of flame
             ... on level 2 of the Dungeon.
             The game lasted 00:01:54 (1135 turns).

BritishOli the Ducker (Demonspawn Gladiator)        Turns: 1135, Time: 00:01:54

Health: -7/28      AC: 12    Str: 15    XL:     3   Next: 7%
Magic:  3/3        EV:  7    Int:  9    God:
Gold:   41         SH:  0    Dex: 14    Spells: 2/2 levels left

rFire    . . .     SeeInvis .   a - +0 long sword
rCold    . . .     Faith    .   (no shield)
rNeg     . . .     Spirit   .   i - +0 plate armour
rPois    .         Reflect  .   c - +0 helmet
rElec    .         Harm     .   j - +0 cloak
rCorr    .                      (no gloves)
MR       .....                  (no boots)
Stlth    ..........             l - amulet of the acrobat
HPRegen  0.09/turn              (no ring)
MPRegen  0.08/turn              (no ring)

@: no status effects
A: talons 1, repulsion field 1
a: no special abilities


You were on level 2 of the Dungeon.
You were not hungry.

You visited 1 branch of the dungeon, and saw 2 of its levels.

You collected 41 gold pieces.

Inventory:

Hand Weapons
 a - a +0 long sword (weapon)
Missiles
 d - 3 throwing nets (quivered)
Armour
 b - a +0 leather armour
 c - a +0 helmet (worn)
 i - a +0 plate armour (worn)
 j - a +0 cloak (worn)
Jewellery
 h - an uncursed ring of wizardry
 l - an amulet of the acrobat (around neck)
Scrolls
 e - a scroll of remove curse {unknown}
 g - a scroll of random uselessness {unknown}
 m - a scroll of noise {unknown}
Potions
 k - a potion of ambrosia {unknown}
Comestibles
 f - 2 rations


   Skills:
 + Level 2.3 Fighting
 + Level 2.9 Long Blades
 + Level 2.1 Throwing
 + Level 0.8 Armour
 + Level 2.9 Dodging


You had 2 spell levels left.
You didn't know any spells.
Your spell library was empty.

Dungeon Overview and Level Annotations

Branches:
Dungeon (2/15)

Altars:

Annotations:
D:2 Sigmund


Innate Abilities, Weirdness & Mutations

You have sharp toenails.
You are surrounded by a mild repulsion field. (EV +2)


Message History

You feel less confused. Sigmund barely misses you.
You slash Sigmund!
Sigmund is moderately wounded.
Sigmund zaps a wand.
The puff of flame hits you.
You hit Sigmund. You claw Sigmund.
Sigmund is heavily wounded.
Sigmund zaps a wand.
The puff of flame hits you.
You hit Sigmund but do no damage. Your kick misses Sigmund.
Sigmund is heavily wounded.
Sigmund hits you with a +2 vampiric scythe!
* * * LOW HITPOINT WARNING * * *
Sigmund draws strength from your wounds!
You hit Sigmund. You claw Sigmund.
Sigmund is severely wounded.
Sigmund closely misses you.
You closely miss Sigmund.
Sigmund is severely wounded.
Sigmund zaps a wand.
The puff of flame hits you!
You die...

#####
######<#.#
........@.#
#######.#@#
#.#.# #.#.#
..#†# ###.#
...............
...>.....?.....
###.###........


You could see Sigmund (strong).

Vanquished Creatures
  A leopard gecko (D:1)
  A ball python (D:2)
  A giant cockroach (D:1)
  6 goblins (D:1)
  3 hobgoblins (D:1)
  3 bats (D:1)
  A frilled lizard (D:1)
  7 kobolds (D:1)
  7 rats (D:1)
30 creatures vanquished.

Notes
Turn   | Place    | Note
-------+----------+-------------------------------------------
     0 | D:1      | BritishOli the Demonspawn Gladiator began the quest for the
                  | Orb.
     0 | D:1      | Reached XP level 1. HP: 16/16 MP: 1/1
   180 | D:1      | Gained mutation: You are surrounded by a mild repulsion
                  | field. (EV +2) [demonic ancestry]
   180 | D:1      | Reached XP level 2. HP: 22/22 MP: 2/2
   631 | D:1      | Gained mutation: You have sharp toenails. [demonic
                  | ancestry]
   631 | D:1      | Reached XP level 3. HP: 28/28 MP: 3/3
   957 | D:2      | Noticed Sigmund
  1135 | D:2      | Killed from afar by Sigmund

Illustrated notes

Levels and vault maps discovered:
D:1:      minmay_arrival_four_circles, layout_basic, kennysheep_boxes
D:2:      layout_basic, minmay_joined_circles, uniq_sigmund, uniq_jessica

Skill      XL: |  1  2 |
---------------+-------+-----
Throwing       | 2 |  2.1
Fighting       | |  2.3
Long Blades    | |  2.9
Armour         | |  0.8
Dodging        | |  2.9

Action                   || total
-------------------------++-------
Melee: Long sword        ||    96
       Kick              ||     2
  Eat: Ration            ||     1
Armor: Leather armour    ||     8
       Plate armour      ||    68
Dodge: Dodged            ||    62
       Rpst.: Long sword ||    15

Table legend:
 A = Non-vault XP
 B = Vault XP
 C = Vault XP percentage of total XP
 D = Non-vault monster count
 E = Vault monster count
 F = Vault count percentage of total count
                 A         B        C        D         E       F
            +---------+---------+-------+---------+---------+-------
      Total |      45 |       0 |   0.0 |      30 |       0 |   0.0
            +---------+---------+-------+---------+---------+-------
        D:1 |      43 |       0 |   0.0 |      29 |       0 |   0.0
        D:2 |       2 |       0 |   0.0 |       1 |       0 |   0.0
            +---------+---------+-------+---------+---------+-------
